 Dungeon Crawl Stone Soup version 0.28-a0-178-ga708605c5b (webtiles) character file.

Game seed: 5431726501272219846

18321 siradein the Basher (level 12, -10/88 HPs)
             Began as a Demonspawn Gladiator on Aug 18, 2021.
             Was an Elder of Dithmenos.
             Blown up by a cacodemon (30 damage)
             ... with a bolt of energy
             ... in a Gauntlet.
             The game lasted 00:48:31 (16788 turns).

siradein the Basher (Demonspawn Gladiator)         Turns: 16788, Time: 00:48:31

Health: -10/88     AC: 21    Str: 20 (21) XL:     12   Next: 26%
Magic:  17/17      EV: 13    Int:  5 (12) God:    Dithmenos [****..]
Gold:   843        SH:  6    Dex: 21      Spells: 11/11 levels left

rFire   + . .      SeeInvis .   J - +3 war axe (venom)
rCold   . . .      Faith    .   t - +0 buckler
rNeg    . . .      Spirit   .   x - +1 plate armour "Ruatiu" {-Cast +Blink rElec rF+}
rPois   .          Reflect  .   y - +1 helmet
rElec   +          Harm     .   L - +0 cloak "Ikomy" {*Corrode Regen+ Str+4 Int+2}
rCorr   .          Rampage  .   s - +0 pair of gloves
Will    .....      NoTele   +   (no boots) Stlth ..........NoCast +
                                (no amulet)
HPRegen 1.24/turn               o - +4 ring of evasion
MPRegen 0.15/turn               z - +6 ring of dexterity

@: unable to read, slowed, wreathed by umbra, very slow
A: claws 2, yellow scales 2, demonic guardian 2, powered by death 1,
deterioration 2, weak 1, no potion heal 1, inability to read while threatened
a: Renounce Religion, Evoke Blink, Shadow Step


You were in a Gauntlet.
You worshipped Dithmenos.
Dithmenos was greatly pleased with you.
You visited 3 branches of the dungeon, and saw 13 of its levels.
You also visited: Gauntlet.

You collected 843 gold pieces.

Inventory:

Hand Weapons
 I - a +1 flail
 J - a +3 war axe of venom (weapon)
Missiles
 d - 3 throwing nets
 g - 17 poisoned darts (quivered)
Armour
 s - a +0 pair of gloves (worn)
 t - a +0 buckler (worn)
 x - the +1 plate armour "Ruatiu" (worn) {-Cast +Blink rElec rF+}
   (You found it on level 5 of the Dungeon)

   rF:        It protects you from fire.
   rElec:     It insulates you from electricity.
   +Blink:    It lets you blink.
   -Cast:     It prevents spellcasting.
 y - a +1 helmet (worn)
 K - the +2 plate armour of Fuguovva {rElec rC+ Will- rCorr}
   (You found it on level 9 of the Dungeon)

   rC:        It protects you from cold.
   rElec:     It insulates you from electricity.
   rCorr:     It protects you from acid and corrosion.
   Will:      It decreases your willpower.
 L - the +0 cloak "Ikomy" (worn) {*Corrode Regen+ Str+4 Int+2}
   (You found it on level 7 of the Dungeon)

   Str:       It affects your strength (+4).
   Int:       It affects your intelligence (+2).
   Regen:     It increases your rate of health regeneration.
   *Corrode:  It may corrode you when you take damage.
Jewellery
 e - a ring of protection from cold
 f - a ring of fire
 o - a +4 ring of evasion (left hand)
 z - a +6 ring of dexterity (right hand)
 Q - a ring of magical power
 S - a ring of flight
Wands
 a - a wand of charming (9)
 N - a wand of flame (11)
 O - a wand of polymorph (8)
Scrolls
 b - 7 scrolls of enchant armour
 c - 2 scrolls of enchant weapon {unknown}
 i - 2 scrolls of immolation {unknown}
 j - 4 scrolls of teleportation
 k - a scroll of fog {unknown}
 l - 2 scrolls of vulnerability {unknown}
 q - a scroll of summoning {unknown}
 v - 3 scrolls of blinking {unknown}
 D - 3 scrolls of noise {unknown}
 F - a scroll of silence {unknown}
 G - 2 scrolls of amnesia {unknown}
 H - a scroll of fear {unknown}
 R - 2 scrolls of identify
Potions
 h - 10 potions of curing
 m - 2 potions of brilliance
 p - a potion of ambrosia
 r - a potion of berserk rage {unknown}
 u - 4 potions of flight
 w - 3 potions of degeneration {unknown}
 A - 5 potions of haste
 B - a potion of attraction {unknown}
 C - a potion of mutation
 E - a potion of cancellation {unknown}
 P - a potion of might
Miscellaneous
 M - a piece from Xom's chessboard (15/15)


   Skills:
 + Level 6.3 Fighting
 - Level 14.0 Maces & Flails
 - Level 1.7 Throwing
 + Level 5.2 Armour
 + Level 6.1 Dodging
 + Level 5.2 Shields
 + Level 7.7 Invocations


You had 11 spell levels left.
You didn't know any spells.
Your spell library contained the following spells:

 Spells                   Type           Power      Damage    Failure   Level
 Slow                     Hex            0%         N/A       100%        2
 Confusing Touch          Hex            0%         N/A       100%        3
 Dazzling Flash           Conj/Hex       0%         N/A       100%        3
 Ignite Poison            Fire/Tmut/Pois 0%         N/A       100%        3
 Mephitic Cloud           Conj/Pois/Air  0%         N/A       100%        3
 Vampiric Draining        Necr           0%         2d6       100%        3
 Iskenderun's Mystic Bla  Conj/Tloc      0%         2d3       100%        4
 Petrify                  Tmut/Erth      0%         N/A       100%        4
 Bolt of Magma            Conj/Fire/Erth 0%         4d4       100%        5
 Metabolic Englaciation   Hex/Ice        0%         N/A       100%        5
 Starburst                Conj/Fire      0%         6d3       100%        6
 Statue Form              Tmut/Erth      0%         N/A       100%        6


Dungeon Overview and Level Annotations

Branches:
Dungeon (11/15)            Temple (1/1) D:6            Lair (1/6) D:10
    Orc (0/2) D:10        Gauntlet (1/1)

Altars:
Ashenzari
Cheibriados
Dithmenos
Elyvilon
Fedhas
Gozag
Hepliaklqana
Kikubaaqudgha
Makhleb
Nemelex Xobeh
Okawaru
Qazlal
Ru
Sif Muna
Trog
Uskayaw
Vehumet
Wu Jian
Xom
Yredelemnul
Zin
The Shining One

Annotations:
Gauntlet 12 runed translucent doors, 11 transporters


Innate Abilities, Weirdness & Mutations

You have very sharp fingernails.
You are mostly covered in yellow scales. (AC +3)
A demonic guardian rushes to your aid.
You regenerate a little health from kills.
Your body often deteriorates upon taking damage.
You are weak. (Str -2)
Potions are less effective at restoring your health.
You sometimes lose the ability to read scrolls when taking damage.


Message History

You slash the neqoxec! Your shadow misses the cacodemon.
Your shadow hits the neqoxec with a war axe.
The neqoxec hits you but does no damage.
You block the cacodemon's attack. x2
You hit the cacodemon.
The cacodemon is moderately wounded.
You closely miss the neqoxec.
The neqoxec hits you but does no damage.
The cacodemon gestures at you.
You feel yourself slow down.
You hit the cacodemon.
The cacodemon is moderately wounded.
You hit the neqoxec.
The neqoxec is poisoned.
The neqoxec closely misses you. The cacodemon completely misses you.
The cacodemon hits you!
* * * LOW HITPOINT WARNING * * *
You block the cacodemon's attack. The cacodemon hits you.
* * * LOW HITPOINT WARNING * * *
The neqoxec gestures at you.
Strange energies course through your body.
You feel weaker.
Your system partially rejects the healing.
You feel much better. The neqoxec misses you. The cacodemon hits you.
* * * LOW HITPOINT WARNING * * *
The cacodemon closely misses you.
You hit the cacodemon.
The cacodemon is moderately wounded.
You slash the neqoxec!
The neqoxec looks as sick as possible!
You kill the neqoxec!
Dithmenos accepts your kill. The cacodemon hits you!
* * * LOW HITPOINT WARNING * * *
Your body deteriorates!
You feel weakened. The cacodemon misses you. You block the cacodemon's attack.
The cacodemon misses you.
You barely miss the cacodemon.
The cacodemon is moderately wounded.
Your shadow hits the cacodemon with a war axe.
The cacodemon gestures at you. The bolt of energy hits you!!
You die...

#..#..+..'...#.8.#........
###..#.^+..'...#...#.##...##
#8#..#++#''##.!#####t#.#.#.#
###..#..'§..+.=#...#..##.##.
#.©#©.#...+.©#©.©#..#.©.#.
###..#..+§§.+.?#...#..##.##.
#8#..#++#§§##.)#####.#.#.#.#
###..#.^+..2...#...#.##...##
#..#..+..@...#...#........
###..###########...#########
#8#§.............≈...§......
###∩...∩........§8≈..§......
#≈.............§..........
###..###########...#########
#8#..#....yy..##...#4.......
###..#..######©#...#..##.##.
#..#.##....###...#.#..#..#


You could see a cacodemon (poisoned) and 2 killer bees.

Vanquished Creatures
  Harold (D:9)
  A boulder beetle (D:11)
  A two-headed ogre (D:10)
  3 cyclopes
  2 ugly things
  3 manticores (D:10)
  Joseph (D:7)
  2 cane toads (Lair:1)
  A kobold demonologist (D:11)
  2 komodo dragons (Lair:1)
  Prince Ribbit (D:9)
  A shadow (D:11)
  A wyvern (D:10)
  13 yaks
  Eustachio (D:5)
  A human (D:10)
  A wraith (D:11)
  A neqoxec (Gauntlet)
  A basilisk (D:10)
  2 steam dragons
  2 wargs
  An acid dragon (D:8)
  4 water moccasins
  An ice beast (D:6)
  4 orc warriors
  2 sky beasts
  3 black bears
  2 hornet zombies
  A boggart (D:10)
  2 ogres (D:6)
  3 centaurs
  A phantom (D:6)
  4 bullfrogs
  A kobold brigand (D:9)
  A gnoll sergeant (D:4)
  A scorpion (D:7)
  A water moccasin zombie (D:7)
  2 water moccasin skeletons
  10 killer bees
  4 wights
  3 electric eels (D:8)
  A howler monkey (D:8)
  2 gnoll shamans
  6 centaur zombies
  A bullfrog zombie (D:6)
  4 hounds
  4 orc priests
  A water moccasin simulacrum (D:5)
  2 jellies
  A bullfrog skeleton (D:6)
  A centaur skeleton (D:6)
  Terence (D:2)
  12 orc wizards
  2 killer bee zombies (D:6)
  A bullfrog simulacrum (D:5)
  A centaur simulacrum (D:5)
  A killer bee simulacrum (D:5)
  3 howler monkey zombies
  16 gnolls
  2 adders
  2 howler monkey skeletons
  A hound simulacrum (D:5)
  A shadow imp (D:8)
  3 white imps
  An ufetubus (D:4)
  A worm (D:2)
  42 orcs
  9 endoplasms
  4 giant cockroaches
  3 hobgoblins
  6 jackals
  10 kobolds
  3 quokkas
  4 ball pythons
  6 bats
  14 goblins
  3 rats
268 creatures vanquished.

Vanquished Creatures (collateral kills)
  A hydra (D:10)
  2 two-headed ogres
  A centaur zombie (D:10)
  A cane toad (Lair:1)
  The ghost of PewDiePie the Conjurer, an amateur GnCj (D:5)
  A centaur (D:4)
  2 killer bees (D:11)
  A jelly (D:6)
  An orc priest (D:11)
  2 gnolls
13 creatures vanquished.

Vanquished Creatures (others)
  8 fungi
  24 plants
32 creatures vanquished.

Grand Total: 313 creatures vanquished

Notes
Turn   | Place    | Note
-------+----------+-------------------------------------------
     0 | D:1      | siradein the Demonspawn Gladiator began the quest for the
                  | Orb.
     0 | D:1      | Reached XP level 1. HP: 16/16 MP: 1/1
   326 | D:1      | Reached skill level 3 in Maces & Flails
   354 | D:1      | Found a faded altar of an unknown god.
   364 | D:1      | Gained mutation: You have sharp fingernails. [demonic
                  | ancestry]
   364 | D:1      | Reached XP level 2. HP: 19/22 MP: 2/2
  1042 | D:2      | Gained mutation: You are partially covered in yellow
                  | scales. (AC +2) [demonic ancestry]
  1042 | D:2      | Reached XP level 3. HP: 21/27 MP: 3/3
  1203 | D:2      | Reached skill level 4 in Maces & Flails
  1263 | D:2      | Noticed Terence
  1277 | D:2      | Killed Terence
  1632 | D:2      | Gained mutation: You regenerate a little health from kills.
                  | [demonic ancestry]
  1632 | D:2      | Reached XP level 4. HP: 32/33 MP: 4/4
  1805 | D:3      | Reached skill level 5 in Maces & Flails
  2453 | D:4      | Gained mutation: A weak demonic guardian rushes to your
                  | aid. [demonic ancestry]
  2453 | D:4      | Reached XP level 5. HP: 37/38 MP: 5/5
  3010 | D:4      | Noticed a black bear
  3026 | D:4      | Killed a black bear
  3027 | D:4      | Reached skill level 6 in Maces & Flails
  3027 | D:4      | Reached XP level 6. HP: 36/44 MP: 6/6
  3493 | D:5      | Entered Level 5 of the Dungeon
  3672 | D:4      | Reached skill level 7 in Maces & Flails
  3794 | D:5      | Noticed a sky beast
  3821 | D:5      | Killed a sky beast
  3822 | D:5      | Gained mutation: You are mostly covered in yellow scales.
                  | (AC +3) [demonic ancestry]
  3822 | D:5      | Reached XP level 7. HP: 38/50 MP: 7/7
  4131 | D:5      | Identified the +1 plate armour "Ruatiu" {-Cast +Blink rElec
                  | rF+}
  4365 | D:5      | Found a runed translucent gate.
  4365 | D:5      | Found a runed translucent gate.
  4365 | D:5      | Found a runed translucent gate.
  4415 | D:5      | Reached skill level 8 in Maces & Flails
  4687 | D:5      | Noticed Eustachio
  4712 | D:5      | Killed Eustachio
  4713 | D:5      | Reached skill level 9 in Maces & Flails
  4713 | D:5      | Gained mutation: You have very sharp fingernails. [demonic
                  | ancestry]
  4713 | D:5      | Reached XP level 8. HP: 53/56 MP: 8/8
  5008 | D:5      | Noticed PewDiePie's ghost (amateur GnCj)
  5595 | D:6      | Reached skill level 10 in Maces & Flails
  5620 | D:6      | Noticed a cyan ugly thing
  6436 | D:6      | Found a staircase to the Ecumenical Temple.
  6503 | Temple   | Entered the Ecumenical Temple
  6646 | Temple   | Became a worshipper of Dithmenos the Shadowed
  7319 | D:6      | Reached skill level 11 in Maces & Flails
  7323 | D:6      | Reached XP level 9. HP: 30/61 MP: 9/9
  7576 | D:7      | Noticed Joseph
  7604 | D:7      | Killed Joseph
  8269 | D:7      | Reached skill level 12 in Maces & Flails
  8497 | D:8      | Reached * piety under Dithmenos
  9233 | D:7      | Reached skill level 13 in Maces & Flails
  9233 | D:7      | Gained mutation: A demonic guardian rushes to your aid.
                  | [demonic ancestry]
  9233 | D:7      | Reached XP level 10. HP: 64/67 MP: 10/10
  9705 | D:8      | Reached ** piety under Dithmenos
 11341 | D:9      | Noticed Prince Ribbit
 11379 | D:9      | Killed Prince Ribbit
 11380 | D:9      | Reached skill level 14 in Maces & Flails
 11462 | D:9      | Noticed Harold
 11522 | D:9      | Killed Harold
 11523 | D:9      | Reached skill level 1 in Armour
 11523 | D:9      | Reached skill level 1 in Shields
 11873 | D:10     | Entered Level 10 of the Dungeon
 12229 | D:10     | Noticed a manticore
 12229 | D:10     | Noticed a purple ugly thing
 12229 | D:10     | Noticed a manticore
 12247 | D:10     | Killed a manticore
 12248 | D:10     | Reached XP level 11. HP: 40/75 MP: 13/13
 12897 | D:5      | Killed PewDiePie's ghost
 13075 | D:5      | Killed a cyan ugly thing
 13180 | D:9      | Killed a purple ugly thing
 13367 | D:9      | Identified the +2 plate armour of Fuguovva {rElec rC+ Will-
                  | rCorr}
 13422 | D:10     | Reached *** piety under Dithmenos
 13428 | D:10     | Found a staircase to the Orcish Mines.
 13662 | D:10     | Found a staircase to the Lair.
 13674 | D:10     | Reached skill level 5 in Invocations
 13904 | D:10     | Noticed a six-headed hydra
 13993 | D:10     | Killed a six-headed hydra
 14636 | D:7      | Identified the +0 cloak "Ikomy" {*Corrode Regen+ Str+4
                  | Int+2}
 14711 | D:10     | Noticed a two-headed ogre
 14728 | D:10     | Killed a two-headed ogre
 14729 | D:10     | Reached skill level 5 in Fighting
 14729 | D:10     | Reached skill level 5 in Dodging
 14761 | D:10     | Found a shimmering altar of Xom.
 14890 | D:10     | Noticed a two-headed ogre
 14908 | D:10     | Killed a two-headed ogre
 15397 | D:11     | Reached **** piety under Dithmenos
 15417 | D:11     | Noticed a boulder beetle
 15447 | D:11     | Killed a boulder beetle
 15541 | D:11     | Reached XP level 12. HP: 52/87 MP: 17/17
 15827 | D:11     | Noticed a two-headed ogre
 15843 | D:11     | Killed a two-headed ogre
 15844 | D:11     | Reached skill level 5 in Armour
 15844 | D:11     | Reached skill level 5 in Shields
 16037 | Lair:1   | Entered Level 1 of the Lair of Beasts
 16326 | Lair:1   | Found a gate leading to a gauntlet.
 16345 | Gauntlet | Entered a Gauntlet
 16345 | Gauntlet | Found a large runed translucent door.
 16345 | Gauntlet | Found a large runed translucent door.
 16345 | Gauntlet | Found a large runed translucent door.
 16345 | Gauntlet | Found a large runed translucent door.
 16345 | Gauntlet | Found a transporter.
 16345 | Gauntlet | Found a large runed translucent door.
 16345 | Gauntlet | Found a large runed translucent door.
 16345 | Gauntlet | Found a large runed translucent door.
 16345 | Gauntlet | Found a large runed translucent door.
 16345 | Gauntlet | Found a runed translucent door.
 16345 | Gauntlet | Found a runed translucent gate.
 16345 | Gauntlet | Found a transporter.
 16345 | Gauntlet | Found a transporter.
 16345 | Gauntlet | Found a runed translucent gate.
 16345 | Gauntlet | Found a transporter.
 16345 | Gauntlet | Noticed a cacodemon
 16359 | Gauntlet | Found a transporter.
 16360 | Gauntlet | Found a runed translucent gate.
 16360 | Gauntlet | Found a runed translucent door.
 16364 | Gauntlet | Found a large runed translucent door.
 16364 | Gauntlet | Found a large runed translucent door.
 16369 | Gauntlet | Found a transporter.
 16372 | Gauntlet | Noticed a ghost crab
 16400 | Gauntlet | Found a large runed translucent door.
 16400 | Gauntlet | Found a large runed translucent door.
 16403 | Gauntlet | Found a large runed translucent door.
 16403 | Gauntlet | Found a large runed translucent door.
 16404 | Gauntlet | Found a large runed translucent door.
 16405 | Gauntlet | Found a large runed translucent door.
 16434 | Gauntlet | Found a transporter.
 16437 | Gauntlet | Noticed a death scarab
 16444 | Gauntlet | Found a transporter.
 16459 | Gauntlet | Found a transporter.
 16469 | Gauntlet | Found a transporter.
 16484 | Gauntlet | Found a transporter.
 16490 | Gauntlet | Found a transporter.
 16739 | Gauntlet | Identified the ring "Xaveh" {Fire rElec rCorr Str+4 Slay+2}
 16743 | Gauntlet | Gained mutation: Your body sometimes deteriorates upon
                  | taking damage. [a neqoxec]
 16761 | Gauntlet | Gained mutation: You sometimes lose the ability to read
                  | scrolls when taking damage. [a cacodemon]
 16772 | Gauntlet | Gained mutation: Potions are less effective at restoring
                  | your health. [a neqoxec]
 16775 | Gauntlet | Gained mutation: Your body often deteriorates upon taking
                  | damage. [a cacodemon]
 16785 | Gauntlet | Gained mutation: You are weak. (Str -2) [a neqoxec]
 16788 | Gauntlet | Blown up by a cacodemon

Illustrated notes

Levels and vault maps discovered:
D:1:      scummos_arrival_hexagon, layout_basic,
          dreamdust_ecumenical_altar_grove
D:2:      layout_rooms, minivault_19, minmay_unequal, uniq_terence
D:3:      layout_basic
D:4:      layout_basic, minivault_4
D:5:      layout_cave_pools, gammafunk_ghost_icy, uniq_eustachio
D:6:      layout_layer_cave, minmay_temple_entry_gardened_gates
D:7:      layout_gridville, minmay_ruined_shrine, uniq_joseph
D:8:      layout_basic, fungi_pond_lemuel
D:9:      layout_cave_pools, uniq_harold, uniq_prince_ribbit1
D:10:     layout_cave_pods, mainiacjoe_overflow_cross_hatched,
          david_lair_generic, erik_orc_4, minmay_shattered_shrine
D:11:     layout_loops_ring, st_stairs_3
Temple:   grunt_wide_crystal_templ
Lair:1:   layout_small_grid, gauntlet_entry_generic
Gauntlet: gammafunk_gauntlet_shortcut
          [minmay_gauntlet_arena_make_your_own_arena,
          gammafunk_gauntlet_arena_corners, gammafunk_gauntlet_arena_spirals,
          nicolae_gauntlet_arena_x, gammafunk_gauntlet_arena_split_diamond,
          nicolae_gauntlet_arena_quarters, gauntlet_exit_hidden_loot]

Skill      XL: |  1  2  3  4  5  6  7  8  9 10 11 12 |
---------------+-------------------------------------+-----
Maces & Flails | 3 4 5 6 7 9 11 13 14 | 14.0
Armour         | 2 4 5 |  5.2
Dodging        | 3 5 6 |  6.1
Shields        | 2 4 5 |  5.2
Invocations    | 3 7 |  7.7
Fighting       | 3 5 6 |  6.3
Throwing       | |  1.7

Action                   |  1- 3 |  4- 6 |  7- 9 | 10-12 || total
-------------------------+-------+-------+-------+-------++-------
Melee: Hand axe          |    81 |   114 |   364 |    23 ||   582
       Flail             |     4 |     9 |       |   238 ||   251
       War axe           |       |       |       |   377 ||   377
Throw: Dart              |     3 |     1 |       |    10 ||    14
 Abil: Evoke Blink       |       |       |       |     1 ||     1
  Use: Scroll            |       |       |       |     9 ||     9
       Potion            |       |       |       |     4 ||     4
 Stab: Sleeping          |     1 |       |       |       ||     1
       Distracted        |       |       |       |     1 ||     1
Armor: Leather armour    |     8 |       |       |       ||     8
       Scale mail        |     7 |    42 |       |       ||    49
       Chain mail        |       |    21 |     7 |       ||    28
       Plate armour      |       |       |   217 |   376 ||   593
Dodge: Dodged            |    56 |   122 |   137 |   345 ||   660
Block: Buckler           |       |    15 |    61 |   167 ||   243

Table legend: (Time is in decaauts)
 A = Elapsed time spent in this place.
 B = Non-inter-level travel time spent in this place.
 C = Inter-level travel time spent in this place.
 D = Time resting spent in this place.
 E = Time spent auto-exploring this place.
 F = Levels seen in this place.
 G = Mean time per level.
                   A        B        C        D        E       F      G
               +--------+--------+--------+--------+--------+-----+--------+
         Total |  16862 |  16319 |    543 |   2682 |   9574 |  14 | 1204.4 |
       Dungeon |  15954 |  15411 |    543 |   2682 |   9284 |  11 | 1450.4 |
        Temple |    153 |    153 |      0 |      0 |    111 |   1 |  153.0 |
          Lair |    308 |    308 |      0 |      0 |      0 |   1 |  308.0 |
      Gauntlet |    444 |    444 |      0 |      0 |    179 |   1 |  444.0 |
               +--------+--------+--------+--------+--------+-----+--------+

Top non-repeatable levels by time:
     D:8: 2259 daAuts
    D:10: 2051 daAuts
     D:9: 1940 daAuts
     D:4: 1895 daAuts
     D:6: 1615 daAuts
     D:5: 1538 daAuts
     D:7: 1494 daAuts
    D:11: 842 daAuts
     D:2: 840 daAuts
     D:1: 801 daAuts
     D:3: 675 daAuts
Gauntlet: 444 daAuts
  Lair:1: 308 daAuts
  Temple: 153 daAuts
